AoeStats
← | ArCas | Toruk Makto

QS Arena

503760057Analyzed
4v4 RM · 1mo ago on Sep 2, 2026· 27m 22s· 8 players
Game mode
Random Map
Map size
Large (8 player)
Population
200
Speed
Normal
Resources
Standard
Victory
Conquest
Starting age
Dark Age
Ending age
Imperial Age
RankedLock teamsTeams togetherTeam positionsShared explorationLock speedFull tech treeHidden civsTurbo modeCheats
Victory
Defeat
🇮🇳 Cumans · India
1395
+14
🇮🇳 Armenians · India
1394
+14
🇦🇷 Malay · Argentina
1352
+16
🇨🇦 Persians · Canada
1286
+19
🇲🇽 Koreans · Mexico
1618
-26
🇲🇽 Italians · Mexico
1554
-24
🇺🇸 Japanese · United States
1208
-10
🇲🇽 Franks · Mexico
1005
-4
MZTK | PinPon
7:01 Loom
9:18 Feudal Age
10:44 Double-Bit Axe
10:43 Horse Collar
12:21 Bloodlines
16:01 Castle Age
15:33 Man-at-Arms
16:28 Forging
16:18 Scale Mail Armor
18:42 Scale Mail Armor
24:22 Castle Age
MZTK |Kiss
8:50 Feudal Age
13:02 Castle Age
11:12 Horse Collar
21:17 Fletching
27:05 Bodkin Arrow
MZTK | UVA
6:08 Loom
7:55 Feudal Age
8:31 Man-at-Arms
9:09 Double-Bit Axe
11:01 Loom
SoyKevinCoss
6:34 Loom
9:11 Feudal Age
11:58 Wheelbarrow
11:39 Double-Bit Axe
17:04 Castle Age
16:50 Scale Barding Armor
16:55 Forging
23:32 Gold Mining
dedw1ng
7:40 Feudal Age
8:40 Feudal Age
10:24 Double-Bit Axe
10:30 Loom
12:49 Castle Age
10:59 Horse Collar
14:10 Bow Saw
14:01 Heavy Plow
20:22 Wheelbarrow
20:59 Gold Mining
21:31 Hand Cart
23:26 Gold Shaft Mining
23:02 Stone Mining
26:43 Imperial Age
25:18 Scale Barding Armor
26:08 Bloodlines
25:59 Husbandry
26:20 Chain Barding Armor
27:21 Forging
27:03 Cavalier
MortalKombat
3:02 Loom
6:03 Feudal Age
6:32 Double-Bit Axe
10:35 Horse Collar
21:28 Castle Age
20:06 Wheelbarrow
21:29 Scale Barding Armor
21:19 Gold Mining
22:32 Chain Barding Armor
22:33 Bow Saw
22:49 Heavy Plow
22:15 Capped Ram
25:22 Forging
25:25 Bloodlines
HellScr3aM
7:11 Feudal Age
7:27 Man-at-Arms
10:12 Long Swordsman
14:31 Double-Bit Axe
15:15 Scale Mail Armor
19:24 Arson
19:55 Forging
21:21 Gold Mining
25:11 Loom
29:49 Castle Age
| ArCas | Toruk Makto
10:06 Feudal Age
13:24 Castle Age
11:58 Loom
12:25 Double-Bit Axe
14:23 Horse Collar
20:05 Fletching
20:25 Forging
23:40 Imperial Age
21:32 Gold Mining
22:18 Bow Saw
22:50 Wheelbarrow
23:36 Iron Casting
Connection lost

Rejoining the realm…

Still unreachable

The connection could not be restored.

Session expired

The server has moved on; the page needs a fresh start.